 Dungeon Crawl Stone Soup version 0.29.0-4-gdea44cf6ec (webtiles) character file.

Game seed: 10864082107660552420

18102 Arcadio the Spry (level 12, 0/67 HPs)
             Began as a Spriggan Hunter on Aug 27, 2022.
             Was a Priest of Fedhas.
             Shot with an arrow by Nessos (23 damage)
             ... on level 3 of the Lair of Beasts.
             The game lasted 01:18:48 (20256 turns).

Arcadio the Spry (Spriggan Hunter)                 Turns: 20256, Time: 01:18:49

Health: 0/67       AC:  7    Str: 15    XL:     12   Next: 24%
Magic:  14/14      EV: 31    Int: 11    God:    Fedhas [***...]
Gold:   582        SH:  0    Dex: 21    Spells: 11/11 levels left

rFire   . . .      SeeInvis +   a - +1 shortbow (flame)
rCold   + . .      Faith    .   (shield currently unavailable)
rNeg    . . .      Spirit   .   s - +5 robe "Bodah Pofom" {rC+}
rPois   .          Reflect  .   (helmet restricted)
rElec   .          Harm     .   (no cloak)
rCorr   .          Rampage  .   (gloves unavailable)
Will    +++..                   (boots unavailable)
Stlth   ++........              (no amulet)
HPRegen 0.21/turn               r - ring of willpower
MPRegen 0.14/turn               K - +6 ring of strength

@: very quick
A: very small, no large weapons, unfitting armour, see invisible, speed 3
a: Renounce Religion, Wall of Briars, Grow Ballistomycete


You were on level 3 of the Lair of Beasts.
You worshipped Fedhas.
Fedhas was most pleased with you.
You visited 3 branches of the dungeon, and saw 13 of its levels.

You collected 730 gold pieces.
You spent 123 gold pieces at shops.
You donated 25 gold pieces to Zin.

Inventory:

Hand Weapons
 a - a +1 shortbow of flaming (weapon)
 b - the +7 flail "Sooq" {venom, rElec rPois rN+}
   (You found it on level 7 of the Dungeon)

   It poisons the flesh of those it strikes.
   rElec:     It insulates you from electricity.
   rPois:     It protects you from poison.
   rN:        It protects you from negative energy.
 p - a +4 double sword
 C - the +2 sling of Dipraer {venom, Will+ Str+3}
   (You found it on level 2 of the Lair of Beasts)

   Any ammunition fired from it poisons the flesh of those it strikes.
   Str:       It affects your strength (+3).
   Will:      It increases your willpower.
Missiles
 B - a throwing net
Armour
 s - the +5 robe "Bodah Pofom" (worn) {rC+}
   (You found it on level 2 of the Dungeon)

   rC:        It protects you from cold.
Jewellery
 r - a ring of willpower (left hand)
 y - a ring of positive energy
 G - a ring of resist corrosion
 K - a +6 ring of strength (right hand)
Wands
 D - a wand of charming (28)
 F - a wand of polymorph (11)
Scrolls
 c - a scroll of summoning
 e - 2 scrolls of immolation
 j - 2 scrolls of magic mapping
 k - 2 scrolls of teleportation
 n - a scroll of enchant armour
 o - 2 scrolls of enchant weapon
 v - a scroll of amnesia
 w - 3 scrolls of poison
 z - 2 scrolls of fear
 H - 2 scrolls of fog
Potions
 d - a potion of curing
 f - 2 potions of attraction
 g - a potion of might
 h - a potion of mutation
 i - a potion of flight
 l - a potion of lignification {unknown}
 m - 3 potions of brilliance
 q - 3 potions of haste
 t - a potion of magic
 A - a potion of berserk rage


   Skills:
 + Level 10.0 Fighting
 + Level 12.4 Ranged Weapons
 + Level 15.2 Dodging
 - Level 1.5 Stealth
 + Level 2.0 Invocations


You had 11 spell levels left.
You didn't know any spells.
Your spell library contained the following spells:

 Spells                   Type           Power      Damage    Failure   Level
 Apportation              Tloc           0%         N/A       34%         1
 Foxfire                  Conj/Fire      0%         2x1d4     34%         1
 Sandblast                Erth           0%         2d4       34%         1
 Sting                    Tmut/Pois      0%         1d3       34%         1
 Summon Small Mammal      Summ           0%         N/A       34%         1
 Passwall                 Tmut/Erth      0%         N/A       47%         2
 Poisonous Vapours        Pois/Air       0%         N/A       47%         2
 Sublimation of Blood     Necr           0%         N/A       47%         2
 Conjure Flame            Conj/Fire      0%         6-21      71%         3
 Gell's Gravitas          Tloc           0%         N/A       71%         3
 Inner Flame              Hex/Fire       0%         N/A       71%         3
 Lesser Beckoning         Tloc           0%         N/A       71%         3
 Stone Arrow              Conj/Erth      0%         3d7       71%         3
 Teleport Other           Tloc           0%         N/A       71%         3
 Cause Fear               Hex            0%         N/A       98%         4
 Flame Wave               Conj/Fire      0%         2d4       98%         4
 Olgreb's Toxic Radiance  Pois           0%         N/A       98%         4
 Petrify                  Tmut/Erth      0%         N/A       98%         4
 Summon Lightning Spire   Summ/Air       0%         N/A       98%         4
 Alistair's Intoxication  Tmut/Pois      0%         N/A       100%        5
 Irradiate                Conj/Tmut      0%         3d11      100%        5
 Storm Form               Tmut/Air       0%         N/A       100%        7
 Discord                  Hex            0%         N/A       100%        8
 Maxwell's Capacitive Co  Air            0%         ∞         100%        8


Dungeon Overview and Level Annotations

Branches:
Dungeon (9/15) Zot: 25728  Temple (1/1) D:6 Zot: 5931    Lair (3/5) D:9 Zot: 13049
  Swamp (0/4) Lair:2        Snake (0/4) Lair:2
    Orc: D:9-12

Altars:
Ashenzari
Cheibriados
Dithmenos
Elyvilon
Fedhas
Gozag
Hepliaklqana
Makhleb
Nemelex Xobeh
Okawaru
Qazlal
Ru
Uskayaw
Wu Jian
Yredelemnul
Zin
The Shining One

Shops:
D:5 ?

Annotations:
D:7 3 runed translucent doors, sausages's ghost, novice GnWn
D:8 3 runed translucent doors, Amaemon
Lair:3 Nessos


Innate Abilities, Weirdness & Mutations

You are very small and have problems with some larger weapons.
You are too small for most types of armour.
You have supernaturally acute eyesight. (SInv)
You cover ground extremely quickly. (Speed+++)


Message History

Aim: Nessos, wielding a +2 longbow of flaming and wearing a +0 barding (moderately wounded, fast, 80% to hit)
You shoot an arrow. The arrow closely misses Nessos.
Nessos shoots an arrow.
The arrow barely misses you.
Nessos shoots an arrow.
The arrow completely misses you.
You hear a bellow!
Fire: a) +1 shortbow (flame)
Press: ? - help, Q - select action, (/) - cycle Shift-Dir - straight line, f/p - Nessos
Aim: Nessos, wielding a +2 longbow of flaming and wearing a +0 barding (moderately wounded, fast, 80% to hit)
You shoot an arrow. The arrow hits Nessos!
The arrow burns Nessos.
Nessos is heavily wounded.
You feel sick.
Nessos stands on their hind legs for a moment.
Nessos shoots an arrow.
The arrow barely misses you.
You hear a bellow! x2
Fire: a) +1 shortbow (flame)
Press: ? - help, Q - select action, (/) - cycle Shift-Dir - straight line, f/p - Nessos
Aim: Nessos, wielding a +2 longbow of flaming and wearing a +0 barding (heavily wounded, fast, 80% to hit)
You shoot an arrow. The arrow barely misses Nessos.
You feel sick.
You are no longer poisoned.
Nessos shoots an arrow.
The arrow hits you! The arrow burns you.
You are poisoned.
Nessos shoots an arrow.
The arrow barely misses you.
You feel better.
Nessos shoots an arrow.
The arrow hits you! The arrow burns you.
* * * LOW HITPOINT WARNING * * *
You hear a bellow! x2
Nessos gestures wildly while chanting.
Nessos blinks!
Nessos shoots an arrow.
The arrow completely misses you.
Nessos mumbles some strange words.
Nessos blinks!
Nessos stands on their hind legs for a moment.
Nessos shoots an arrow.
The arrow completely misses you.
Nessos pounds the earth with their hooves.
Nessos shoots an arrow.
The arrow barely misses you.
Nessos shoots an arrow.
The arrow misses you.
Nessos shoots an arrow.
The arrow hits you!!
You die...
Fedhas appreciates your contribution to the ecosystem.

#.####......#####...#P...###
###..........##P.######....#
##......####....P# #...##
#......## #....## ##..##
#.....## #....## ##..##
####.## ##<....####.### ##
## #.Y#...##...# .#
#####..###......# .#
###.##.### #@...P##
.####.##..## ##...#####
..#.#......# #P.....#.#
#.........######........###
#......#...#.##...P#.#....#
##...###P.#.......######..#
#P..## #####...##.c..##...#
## #....# #...###...####.##
#P ....#########..#
#...###...#####.


You could see Nessos (fast).

Vanquished Creatures
  A hydra (Lair:3)
  2 catoblepae
  Urug (Lair:2)
  2 bog bodies (Lair:2)
  2 elephants (Lair:3)
  3 black mambas
  Joseph (D:7)
  3 cane toads (Lair:2)
  2 rime drakes (Lair:1)
  3 komodo dragons
  A troll (D:9)
  2 polar bears (Lair:3)
  A hornet (D:6)
  7 blink frogs
  6 dream sheep
  A wraith (D:9)
  23 yaks
  2 basilisks
  2 steam dragons (D:8)
  12 water moccasins
  An orc warrior (D:9)
  A black bear (D:6)
  2 centaurs (D:9)
  2 phantoms (D:4)
  A kobold brigand (D:6)
  5 bullfrogs
  2 necrophages
  4 scorpions (D:5)
  2 howler monkeys
  2 hounds
  2 jellies
  3 orc priests
  4 iguanas
  5 orc wizards
  Robin (D:2)
  9 gnolls
  7 adders
  2 white imps
  2 worms (D:4)
  6 dart slugs
  29 orcs
  8 ball pythons
  2 bats
  2 endoplasms
  2 giant cockroaches
  16 goblins
  2 hobgoblins (D:2)
  6 jackals
  13 kobolds
  2 quokkas
  2 frilled lizards (D:1)
  4 rats
  A butterfly (D:6)
229 creatures vanquished.

Vanquished Creatures (collateral kills)
  An elephant (Lair:3)
1 creature vanquished.

Vanquished Creatures (others)
  26 fungi
  26 plants
52 creatures vanquished.

Grand Total: 282 creatures vanquished

Notes
Turn   | Place    | Note
-------+----------+-------------------------------------------
     0 | D:1      | Arcadio the Spriggan Hunter began the quest for the Orb.
     0 | D:1      | Reached XP level 1. HP: 10/10 MP: 2/2
    51 | D:1      | Reached skill level 3 in Dodging
   555 | D:1      | Reached XP level 2. HP: 15/15 MP: 3/3
   820 | D:1      | Found a faded altar of an unknown god.
   824 | D:1      | Got Plato's Reference Book on the Gathering
   827 | D:1      | Prayed at the altar of an unknown god.
   827 | D:1      | Became a worshipper of Zin the Law-Giver
   827 | D:1      | Reached * piety under Zin
   985 | D:1      | Reached ** piety under Zin
  1333 | D:2      | Reached XP level 3. HP: 10/18 MP: 4/4
  1798 | D:2      | Reached XP level 4. HP: 23/23 MP: 5/5
  1822 | D:2      | Reached skill level 4 in Dodging
  1824 | D:2      | Noticed Robin
  1841 | D:2      | Killed Robin
  2078 | D:2      | Identified the +5 robe "Bodah Pofom" {rC+}
  2761 | D:3      | Reached XP level 5. HP: 12/27 MP: 6/6
  3102 | D:3      | Found a sacrificial altar of Ru.
  3103 | D:3      | Found an opulent altar of Gozag.
  3361 | D:4      | Reached skill level 5 in Ranged Weapons
  3413 | D:4      | Reached *** piety under Zin
  3808 | D:4      | Noticed a phantom
  3841 | D:4      | Killed a phantom
  3842 | D:4      | Reached skill level 5 in Dodging
  3939 | D:4      | Noticed a phantom
  4000 | D:4      | Killed a phantom
  4001 | D:4      | Reached XP level 6. HP: 32/32 MP: 7/7
  4436 | D:5      | Entered Level 5 of the Dungeon
  4527 | D:5      | Found a snail-covered altar of Cheibriados.
  4596 | D:5      | Reached skill level 6 in Dodging
  4768 | D:5      | Reached XP level 7. HP: 36/37 MP: 8/8
  4865 | D:5      | Found Zekke Dih's Magic Scroll Shop.
  5417 | D:4      | HP: 1/37 [poisoned by a water moccasin]
  5804 | D:3      | Found a white marble altar of Elyvilon.
  5804 | D:3      | Found an ornate altar of the Wu Jian Council.
  5804 | D:3      | Found a broken altar of Ashenzari.
  5900 | D:5      | Bought a scroll of identify for 26 gold pieces
  5900 | D:5      | Bought a scroll of blinking for 97 gold pieces
  6087 | D:5      | Reached **** piety under Zin
  6611 | D:5      | Reached skill level 7 in Dodging
  7130 | D:5      | Reached XP level 8. HP: 42/42 MP: 9/9
  8141 | D:6      | Reached skill level 5 in Fighting
  8141 | D:6      | Reached skill level 8 in Dodging
  8188 | D:6      | Found a staircase to the Ecumenical Temple.
  8199 | Temple   | Entered the Ecumenical Temple
  8280 | Temple   | Fell from the grace of Zin
  8280 | Temple   | Became a worshipper of Fedhas Madash
  9316 | D:7      | Found a runed translucent gate.
  9316 | D:7      | Found a runed translucent gate.
  9317 | D:7      | Found a runed translucent gate.
  9318 | D:7      | Noticed sausages's ghost (novice GnWn)
  9346 | D:7      | Identified the +7 flail "Sooq" {venom, rElec rPois rN+}
  9351 | D:7      | Noticed Joseph
  9352 | D:7      | Noticed a hornet
  9446 | D:6      | Paralysed by a hornet for 2 turns
  9452 | D:6      | Killed a hornet
  9453 | D:6      | Reached skill level 9 in Dodging
  9573 | D:7      | Killed Joseph
  9574 | D:7      | Reached XP level 9. HP: 36/48 MP: 10/10
 10651 | D:8      | Noticed an orange demon
 10657 | D:8      | Noticed Amaemon
 10986 | D:8      | Found a shadowy altar of Dithmenos.
 11139 | D:8      | Found a runed translucent gate.
 11139 | D:8      | Found a runed translucent gate.
 11139 | D:8      | Found a runed translucent gate.
 11139 | D:8      | Noticed a glowing orange brain
 11139 | D:8      | Noticed a red ugly thing
 11139 | D:8      | Noticed a red ugly thing
 11255 | D:8      | Reached * piety under Fedhas
 11397 | D:8      | Reached skill level 10 in Dodging
 12292 | D:8      | Reached skill level 11 in Dodging
 12962 | D:9      | Noticed a troll
 13005 | D:9      | Killed a troll
 13006 | D:9      | Reached XP level 10. HP: 37/55 MP: 11/11
 13692 | D:9      | Found a glowing golden altar of the Shining One.
 13726 | D:9      | Found a staircase to the Lair.
 14051 | Lair:1   | Entered Level 1 of the Lair of Beasts
 14354 | Lair:1   | Noticed a catoblepas
 14415 | Lair:1   | Killed a catoblepas
 15115 | Lair:1   | Reached skill level 10 in Ranged Weapons
 15115 | Lair:1   | Reached skill level 12 in Dodging
 15562 | Lair:2   | Reached ** piety under Fedhas
 15712 | Lair:2   | Noticed a cane toad
 15881 | Lair:2   | Noticed Urug
 15885 | Lair:2   | Killed a cane toad
 15886 | Lair:2   | Reached skill level 13 in Dodging
 15886 | Lair:2   | Reached XP level 11. HP: 60/60 MP: 12/12
 16887 | Lair:2   | Killed Urug
 16910 | Lair:2   | Noticed a bog body
 16915 | Lair:2   | Noticed a bog body
 16916 | Lair:2   | Killed a bog body
 16921 | Lair:2   | Killed a bog body
 16963 | Lair:2   | Found a staircase to the Swamp.
 16974 | Lair:2   | Identified the +2 sling of Dipraer {venom, Will+ Str+3}
 17207 | Lair:2   | Found a staircase to the Snake Pit.
 17310 | Lair:2   | Reached skill level 14 in Dodging
 17956 | Lair:2   | Noticed a catoblepas
 17983 | Lair:2   | Killed a catoblepas
 18267 | Lair:3   | Reached *** piety under Fedhas
 18400 | Lair:3   | HP: 1/62 [blink frog (36)]
 19039 | Lair:3   | Reached XP level 12. HP: 46/67 MP: 13/13
 19181 | Lair:3   | Noticed an eight-headed hydra
 19213 | Lair:3   | Killed an eight-headed hydra
 19391 | Lair:3   | Reached skill level 15 in Dodging
 19670 | Lair:3   | Reached skill level 1 in Invocations
 19792 | Lair:3   | Reached skill level 10 in Fighting
 20220 | Lair:3   | Noticed Nessos
 20256 | Lair:3   | Shot with an arrow by Nessos

Illustrated notes

Levels and vault maps discovered:
D:1:      amcnicky_arrival_feature_with_door, layout_loops_ring,
          shapermc_ecumenical_altar_rom_forum
D:2:      layout_rooms, uniq_robin, uniq_crazy_yiuf_cottage
D:3:      layout_basic, nicolae_overflow_hidden_temple
D:4:      minmay_chambers_of_threes, layout_loops_ring,
          minmay_misc_feat_more_columns, grunt_decor_mini_mirrors,
          chequers_serial_rivers_micro_e
D:5:      layout_cave_pools, mainiacjoe_overflow_surrounded_room, serial_shops,
          shop_fountains, st_stairs_9
D:6:      layout_cave_pools, minmay_temple_entry_butterflies
D:7:      layout_basic, biasface_ghost_orc_armoury, uniq_joseph
D:8:      layout_basic, nicolae_dithmenos_the_darkroom,
          ploomutoo_gammafunk_ghost_potion_laboratory, uniq_amaemon
D:9:      layout_long_grid, nicolae_tso_carved_into_rock, lair_entry_dummy
Temple:   hellmonk_temple_beads
Lair:1:   layout_small_grid, serial_bayou_pond_a
Lair:2:   layout_regular_city, skrybe_swamp_entry_bodies,
          minmay_snake_entry_six_corridors, st_stairs_9, uniq_urug
Lair:3:   layout_layer_cave, uniq_nessos

Skill      XL: |  1  2  3  4  5  6  7  8  9 10 11 12 |
---------------+-------------------------------------+-----
Dodging        | 3 4 5 6 7 9 11 13 14 15 | 15.2
Fighting       | 2 3 4 5 7 8 9 10 | 10.0
Ranged Weapons | 5 6 8 9 10 12 | 12.4
Invocations    | 2 |  2.0
Stealth        | |  1.5

Action                   |  1- 3 |  4- 6 |  7- 9 | 10-12 || total
-------------------------+-------+-------+-------+-------++-------
Melee: Dagger            |       |     7 |    71 |       ||    78
       Punch             |       |     1 |     3 |     4 ||     8
       Flail             |       |       |    75 |   153 ||   228
 Fire: Shortbow          |   110 |   197 |   369 |   404 ||  1080
Invok: Recite            |       |     1 |     5 |       ||     6
       Vitalisation      |       |       |     1 |       ||     1
       Wall of Briars    |       |       |       |     3 ||     3
Evoke: Wand              |       |       |       |     1 ||     1
  Use: Scroll            |       |     9 |     6 |     8 ||    23
       Potion            |       |       |     2 |     5 ||     7
Armor: Robe              |     4 |     4 |    25 |    19 ||    52
Dodge: Dodged            |    30 |    40 |   275 |   284 ||   629
